[Event "Vasteras Open Minor 2018"]
[Site "Vasteras"]
[Date "2018.09.29"]
[Round "5"]
[White "Laine, Jacob"]
[Black "Relom, Sunny"]
[Result "1-0"]
[ECO "A45"]
[WhiteElo "1591"]
[BlackElo "1452"]
[Annotator "NA RC"]
[PlyCount "47"]
[EventDate "2018.09.28"]
[EventCountry "SWE"]
[SourceTitle "playchess.com"]
[Source "ChessBase"]
[SourceQuality "1"]
[TimeControl "5400+30"]

1. d4 Nf6 2. Bf4 g6 3. e3 Bg7 4. Nf3 O-O 5. Nbd2 d6 6. Bd3 Nbd7 7. Bg3 Nh5 8. c3 e5 9. Qc2 f5 10. O-O-O Kh8 11. dxe5 Nxg3 12. hxg3 Nxe5 13. Nxe5 Bxe5 14. f4 Bf6 15. e4 Bg7 16. Nf3 fxe4 17. Bxe4 Bf5 18. Rxh7+ Kxh7 19. Ng5+ Kg8 20. Qb3+ Kh8 21. Rh1+ Bh6 22. Rxh6+ Kg7 23. Rh7+ Kf6 24. Rf7+ 1-0

[Event "Vasteras Open Minor 2018"]
[Site "Vasteras"]
[Date "2018.09.29"]
[Round "5"]
[White "Lofgren, John"]
[Black "Tolstoy, Anastasia"]
[Result "1-0"]
[ECO "C26"]
[WhiteElo "1511"]
[BlackElo "1228"]
[Annotator "NA RC"]
[PlyCount "67"]
[EventDate "2018.09.28"]
[EventCountry "SWE"]
[SourceTitle "playchess.com"]
[Source "ChessBase"]
[SourceQuality "1"]
[TimeControl "5400+30"]

1. e4 e5 2. Nc3 Nf6 3. f4 Nc6 4. fxe5 Nxe5 5. d4 Nc6 6. e5 Qe7 7. Be2 Nxe5 8. dxe5 Qxe5 9. Nf3 Qe6 10. O-O Bc5+ 11. Kh1 O-O 12. b3 Re8 13. Bc4 Qc6 14. Bb2 a6 15. Nd5 Nxd5 16. Bxd5 Qg6 17. Bxf7+ Qxf7 18. Ng5 Qg6 19. Qd5+ Kh8 20. Nf7+ Kg8 21. Ne5+ Qe6 22. Qxc5 d6 23. Qxc7 dxe5 24. Bxe5 Re7 25. Rad1 Bd7 26. Bd6 Ree8 27. Qxb7 Rec8 28. Be5 Rd8 29. Rd6 Rab8 30. Qxb8 Rxb8 31. Rxe6 Rc8 32. Re7 Bc6 33. Rxg7+ Kh8 34. Rg6# 1-0

[Event "Vasteras Open Minor 2018"]
[Site "Vasteras"]
[Date "2018.09.29"]
[Round "5"]
[White "Davidsson, Joshua"]
[Black "Arnason, Saemundur"]
[Result "1-0"]
[ECO "B90"]
[WhiteElo "1500"]
[BlackElo "1312"]
[Annotator "NA RC"]
[PlyCount "99"]
[EventDate "2018.09.28"]
[EventCountry "SWE"]
[SourceTitle "playchess.com"]
[Source "ChessBase"]
[SourceQuality "1"]
[TimeControl "5400+30"]

1. e4 c5 2. Nf3 d6 3. d4 cxd4 4. Nxd4 Nf6 5. Nc3 a6 6. Be3 g6 7. Bd3 Bg7 8. h3 O-O 9. Qd2 b5 10. Bh6 Bb7 11. h4 Qb6 12. Nf3 Nbd7 13. h5 Bxh6 14. Qxh6 Ng4 15. Qd2 Kg7 16. Nh2 Nde5 17. Nxg4 Nxg4 18. f3 Nf6 19. hxg6 fxg6 20. O-O-O Rh8 21. Nd5 Bxd5 22. exd5 Nxd5 23. Bxg6 Qe3 24. Be4 Qxd2+ 25. Rxd2 e6 26. Bxd5 exd5 27. Rxd5 Rad8 28. Rhd1 Rhe8 29. Rxd6 Rxd6 30. Rxd6 Re1+ 31. Kd2 Rg1 32. g4 Rg2+ 33. Kd3 Rf2 34. Rxa6 Rxf3+ 35. Ke2 Rg3 36. Rb6 Rxg4 37. Rxb5 Rg2+ 38. Kd3 Rh2 39. a4 h5 40. a5 h4 41. Rb3 Rh3+ 42. Ke2 Rh2+ 43. Kf1 Rxc2 44. a6 Rc8 45. Ra3 Ra8 46. b4 Kf7 47. b5 Ke7 48. b6 h3 49. b7 Rb8 50. Rxh3 1-0

[Event "Vasteras Open Minor 2018"]
[Site "Vasteras"]
[Date "2018.09.29"]
[Round "5"]
[White "Ohlund, Anders"]
[Black "Gerdes, Sebastian"]
[Result "1/2-1/2"]
[ECO "D02"]
[WhiteElo "1483"]
[BlackElo "1301"]
[Annotator "NA RC"]
[PlyCount "64"]
[EventDate "2018.09.28"]
[EventCountry "SWE"]
[SourceTitle "playchess.com"]
[Source "ChessBase"]
[SourceQuality "1"]
[TimeControl "5400+30"]

1. d4 d5 2. Nf3 Bf5 3. Bf4 Nf6 4. e3 e6 5. Bd3 Bg6 6. h3 Nbd7 7. O-O c5 8. c3 Ne4 9. Bc2 Ndf6 10. Nbd2 Rc8 11. Re1 Bd6 12. Ba4+ Ke7 13. Bxd6+ Qxd6 14. Ne5 Nxd2 15. Qxd2 Ne4 16. Qe2 c4 17. Bc2 f6 18. Nxg6+ hxg6 19. Bxe4 dxe4 20. Qg4 Kf7 21. Qxe4 Qb6 22. Re2 Rh5 23. Rd1 Rd8 24. Rdd2 g5 25. Qg4 Rh4 26. Qg3 Qc6 27. f3 Qa6 28. a3 Qb5 29. e4 Kg6 30. Qf2 a6 31. Qe3 Qc6 32. e5 f5 1/2-1/2

[Event "Vasteras Open Minor 2018"]
[Site "Vasteras"]
[Date "2018.09.29"]
[Round "5"]
[White "Urbel, Aavo"]
[Black "Flykt, Gabriel"]
[Result "0-1"]
[ECO "A46"]
[WhiteElo "1436"]
[BlackElo "1584"]
[Annotator "NA RC"]
[PlyCount "54"]
[EventDate "2018.09.28"]
[EventCountry "SWE"]
[SourceTitle "playchess.com"]
[Source "ChessBase"]
[SourceQuality "1"]
[TimeControl "5400+30"]

1. d4 e6 2. Nf3 Nf6 3. e3 c5 4. c4 d6 5. Nc3 Be7 6. g3 b6 7. Bg2 Bb7 8. O-O O-O 9. Qc2 Qc7 10. b3 a6 11. a4 Nc6 12. Ba3 Nb4 13. Bxb4 cxb4 14. Ne2 Be4 15. Qd2 Qb7 16. Ne1 Bxg2 17. Nxg2 d5 18. Rac1 Rfc8 19. Rc2 Rc7 20. Rfc1 Rac8 21. f3 dxc4 22. Rxc4 Rxc4 23. Rxc4 Rxc4 24. bxc4 Qxf3 25. Qc2 Ng4 26. c5 Qf2+ 27. Kh1 Qf1+ 0-1

[Event "Vasteras Open Minor 2018"]
[Site "Vasteras"]
[Date "2018.09.29"]
[Round "6"]
[White "Nilsson, Ulf"]
[Black "Lofgren, John"]
[Result "0-1"]
[ECO "B01"]
[WhiteElo "2001"]
[BlackElo "1511"]
[Annotator "NA RC"]
[PlyCount "78"]
[EventDate "2018.09.28"]
[EventCountry "SWE"]
[SourceTitle "playchess.com"]
[Source "ChessBase"]
[SourceQuality "1"]
[TimeControl "5400+30"]

1. e4 d5 2. exd5 Qxd5 3. Nc3 Qa5 4. d4 Bf5 5. Nf3 {[%emt 0:02:53] B01: Scandinavian Defence} Nd7 6. Bd2 c6 7. Be2 (7. Bc4 e6 8. Qe2 Bb4 9. a3 Ne7 10. O-O Bxc3 11. Bxc3 Qc7 12. Nh4 Nb6 13. d5 Qf4 14. Nxf5 Nxf5 {1-0 (38) Korneev,O (2561)-Kogan,A (2534) Port Erin 2003}) 7... Ngf6 8. O-O e6 {[%emt 0:01:33] LiveBook: 5 Games} 9. Re1 Qc7 10. Bc4 O-O-O $146 ({Predecessor:} 10... Bd6 11. h3 h6 12. Bb3 O-O 13. Qe2 Rad8 {½-½ (65) Milonakis,G (2213)-Simeonidis,I (2238) Anogia 2013}) 11. Ng5 (11. Bd3 $11 {remains equal.}) 11... Nb6 12. Bb3 Rxd4 13. Ne2 Rd7 ({Much weaker is} 13... Rh4 $6 14. g3 $11) 14. Qc1 Bd6 15. Bf4 h6 16. Nf3 e5 ({Better is} 16... Bxf4 $17 17. Qxf4 Qxf4 18. Nxf4 Rf8) 17. Bg3 ({White should try} 17. Ng3 $15) 17... Bg4 18. Qe3 Bxf3 19. Qxf3 h5 20. h3 Nbd5 21. Nc3 h4 22. Bh2 Nxc3 23. Qxc3 e4 24. Bxd6 Rxd6 25. Qc5 b6 26. Qe5 Rh5 27. Qf4 Rd7 28. Qe3 g5 (28... Rf5 $17) 29. c4 ({Better is} 29. f3 $15) 29... g4 30. Bd1 (30. Rad1 $17) 30... Rd3 31. Qc1 Rf5 32. hxg4 $2 {[%emt 0:08:54] [#]} (32. Bxg4 $17 Nxg4 33. hxg4) 32... Rxf2 $3 33. Kxf2 Qg3+ 34. Kg1 Qxe1+ 35. Kh2 Qg3+ 36. Kg1 h3 37. Qc2 Qe1+ (37... Re3 $142 38. Bf3 exf3 39. Rd1 Ne4 40. Rd8+ Kxd8 41. Qd1+ Ke7 42. Qf1 Re1 43. Kh1 Rxf1#) 38. Kh2 Rd2 39. Qc3 Rxg2+ 0-1

[Event "Vasteras Open Minor 2018"]
[Site "Vasteras"]
[Date "2018.09.29"]
[Round "6"]
[White "Flykt, Gabriel"]
[Black "Jonsson, Kristjan Dagur"]
[Result "1-0"]
[ECO "A17"]
[WhiteElo "1584"]
[BlackElo "1267"]
[Annotator "NA RC"]
[PlyCount "93"]
[EventDate "2018.09.28"]
[EventCountry "SWE"]
[SourceTitle "playchess.com"]
[Source "ChessBase"]
[SourceQuality "1"]
[TimeControl "5400+30"]

1. c4 Nf6 2. Nc3 e6 3. g3 Bb4 4. Bg2 O-O 5. e4 Bxc3 6. bxc3 d6 7. Ne2 d5 8. cxd5 exd5 9. exd5 Nxd5 10. O-O c6 11. d4 Bg4 12. f3 Bf5 13. Bd2 Re8 14. Nf4 Ne3 15. Bxe3 Rxe3 16. Qd2 Re7 17. Rfe1 Nd7 18. g4 Bg6 19. Nxg6 hxg6 20. Bf1 Rxe1 21. Rxe1 Nf6 22. Bc4 b5 23. Bb3 a5 24. a4 Qd6 25. Qa2 Qf8 26. axb5 cxb5 27. Re5 a4 28. Bc2 b4 29. Bxa4 bxc3 30. Qc4 Qa3 31. Bb3 Qc1+ 32. Kg2 Ra1 33. Kg3 g5 34. Qxf7+ Kh7 35. Re2 Qg1+ 36. Rg2 Qxd4 37. Bc2+ Kh8 38. Qf8+ Ng8 39. Bb3 Ra8 40. Qxa8 Qd6+ 41. f4 gxf4+ 42. Kf3 Qd3+ 43. Kxf4 g5+ 44. Kxg5 Qb5+ 45. Qd5 Qe8 46. Qd4+ Kh7 47. Bc2+ 1-0

[Event "Vasteras Open Minor 2018"]
[Site "Vasteras"]
[Date "2018.09.29"]
[Round "6"]
[White "Olsson, Dick"]
[Black "Evensen, Per-Erik"]
[Result "1-0"]
[ECO "B54"]
[WhiteElo "1554"]
[BlackElo "1472"]
[Annotator "NA RC"]
[PlyCount "55"]
[EventDate "2018.09.28"]
[EventCountry "SWE"]
[SourceTitle "playchess.com"]
[Source "ChessBase"]
[SourceQuality "1"]
[TimeControl "5400+30"]

1. e4 c5 2. Nf3 d6 3. d4 cxd4 4. Nxd4 Nc6 5. Nxc6 bxc6 6. Bd3 g6 7. O-O Bg7 8. Nc3 Nf6 9. h3 O-O 10. f4 Qb6+ 11. Kh1 Bb7 12. f5 Nh5 13. Qg4 Be5 14. Ne2 Bg7 15. c3 Nf6 16. Qh4 Ba6 17. Qg3 Nd7 18. Rb1 Ne5 19. Be3 Qb7 20. Bxa6 Qxa6 21. Nd4 Rab8 22. fxg6 fxg6 23. Rxf8+ Rxf8 24. a3 Rf1+ 25. Rxf1 Qxf1+ 26. Kh2 Nd3 27. Nxc6 Ne5 28. Nxe7+ 1-0

[Event "Vasteras Open Minor 2018"]
[Site "Vasteras"]
[Date "2018.09.29"]
[Round "6"]
[White "Davidsson, Joshua"]
[Black "Laine, Jacob"]
[Result "1-0"]
[ECO "C50"]
[WhiteElo "1500"]
[BlackElo "1591"]
[Annotator "NA RC"]
[PlyCount "75"]
[EventDate "2018.09.28"]
[EventCountry "SWE"]
[SourceTitle "playchess.com"]
[Source "ChessBase"]
[SourceQuality "1"]
[TimeControl "5400+30"]

1. e4 e5 2. Nf3 Nc6 3. Bc4 Bc5 4. d3 Nf6 5. Bg5 d6 6. h3 h6 7. Bh4 g5 8. Bg3 Bd7 9. Nc3 Na5 10. a3 Nxc4 11. dxc4 Qe7 12. b4 Bb6 13. Qd3 a5 14. O-O Qe6 15. Nd5 Nxd5 16. cxd5 Qg6 17. c4 f6 18. Qc2 axb4 19. axb4 Kf7 20. c5 dxc5 21. bxc5 Ba5 22. Qc4 Kg7 23. Nxe5 fxe5 24. Bxe5+ Kh7 25. Bxh8 g4 26. hxg4 Bxg4 27. Be5 h5 28. Bg3 Bf3 29. gxf3 h4 30. Kh1 hxg3 31. fxg3 Rg8 32. g4 Bd2 33. Kg2 Qf6 34. Qd3 Qf4 35. Rh1+ Kg7 36. e5 Rh8 37. Rxh8 Kxh8 38. Rh1+ 1-0

[Event "Vasteras Open Minor 2018"]
[Site "Vasteras"]
[Date "2018.09.29"]
[Round "6"]
[White "Seo, Jung Hyun"]
[Black "Urbel, Aavo"]
[Result "1-0"]
[ECO "B12"]
[WhiteElo "1389"]
[BlackElo "1436"]
[Annotator "NA RC"]
[PlyCount "107"]
[EventDate "2018.09.28"]
[EventCountry "SWE"]
[SourceTitle "playchess.com"]
[Source "ChessBase"]
[SourceQuality "1"]
[TimeControl "5400+30"]

1. e4 c6 2. d4 d5 3. e5 g6 4. Nf3 Bg4 5. h3 Bf5 6. c4 e6 7. Qb3 b6 8. Nfd2 h5 9. Nc3 Nd7 10. Rg1 Nh6 11. Be2 g5 12. Bxh5 g4 13. Bxg4 Bxg4 14. hxg4 Nxg4 15. Nf1 Nh2 16. Be3 Qh4 17. O-O-O Bh6 18. Bxh6 Qxh6+ 19. Kb1 Qg6+ 20. Qc2 Qxc2+ 21. Kxc2 Nxf1 22. Rgxf1 dxc4 23. Ne4 b5 24. Nd6+ Ke7 25. a4 a6 26. f4 Rh2 27. Rf2 Rg8 28. Rdd2 f5 29. Kc3 Nb6 30. axb5 Nd5+ 31. Kxc4 cxb5+ 32. Kc5 Rh4 33. Nxf5+ exf5 34. Kxd5 Rc8 35. Rc2 Rd8+ 36. Kc5 Ke6 37. Rcd2 Rd5+ 38. Kb4 Rh8 39. Rf3 Rhd8 40. Kc3 a5 41. Rfd3 Rc8+ 42. Kb3 Rc4 43. Ka2 a4 44. b3 axb3+ 45. Kxb3 Rc1 46. Rc2 Rb1+ 47. Rb2 Rc1 48. Rc2 Rb1+ 49. Ka3 Rd8 50. d5+ Ke7 51. Rc7+ Ke8 52. Ka2 Rb4 53. g3 Rb8 54. Rh7 1-0

[Event "Vasteras Open Minor 2018"]
[Site "Vasteras"]
[Date "2018.09.30"]
[Round "7"]
[White "Lofgren, John"]
[Black "Flykt, Gabriel"]
[Result "1-0"]
[ECO "C00"]
[WhiteElo "1511"]
[BlackElo "1584"]
[Annotator "NA RC"]
[PlyCount "35"]
[EventDate "2018.09.28"]
[EventCountry "SWE"]
[SourceTitle "playchess.com"]
[Source "ChessBase"]
[SourceQuality "1"]
[TimeControl "5400+30"]

1. e4 e6 2. d4 d5 3. Bd3 dxe4 4. Bxe4 Nf6 5. Bf3 c5 6. Ne2 Nc6 7. Be3 Nd5 8. Bxd5 exd5 9. dxc5 Bxc5 10. Bxc5 Qa5+ 11. Nbc3 Qxc5 12. Qxd5 Qxd5 13. Nxd5 O-O 14. O-O-O Be6 15. Nef4 Rad8 16. f3 Bxd5 17. Nxd5 Rd7 18. Nf6+ 1-0

[Event "Vasteras Open Minor 2018"]
[Site "Vasteras"]
[Date "2018.09.30"]
[Round "7"]
[White "Ohlund, Anders"]
[Black "Davidsson, Joshua"]
[Result "1/2-1/2"]
[ECO "D02"]
[WhiteElo "1483"]
[BlackElo "1500"]
[Annotator "NA RC"]
[PlyCount "135"]
[EventDate "2018.09.28"]
[EventCountry "SWE"]
[SourceTitle "playchess.com"]
[Source "ChessBase"]
[SourceQuality "1"]
[TimeControl "5400+30"]

1. d4 d5 2. Nf3 Nf6 3. Bf4 Bf5 4. e3 e6 5. Bd3 Bxd3 6. Qxd3 Bd6 7. Bxd6 Qxd6 8. Qb5+ Qc6 9. Qxc6+ Nxc6 10. c3 O-O 11. O-O Rfe8 12. Nbd2 e5 13. dxe5 Nxe5 14. Nxe5 Rxe5 15. Nf3 Ree8 16. Rad1 Rad8 17. Rfe1 c5 18. h3 h6 19. a3 b5 20. b4 c4 21. Nd4 a6 22. f3 Rd7 23. Kf2 Rde7 24. Nc6 Rc7 25. Nd4 Nd7 26. Ne2 Nb6 27. Nf4 Rd7 28. Rd2 f5 29. Red1 Rde7 30. Re1 Re5 31. Ng6 R5e6 32. Nf4 Rd6 33. g4 g5 34. Ng2 fxg4 35. hxg4 Ree6 36. Rde2 Nd7 37. Rd1 Nf6 38. Red2 Re5 39. Re2 Kf7 40. Rde1 Ke8 41. Kg3 Kd7 42. Rd1 Kc6 43. Rde1 Kb6 44. Kf2 Ree6 45. Kg3 Nd7 46. Rf2 Ne5 47. Rfe2 Nd3 48. Rd1 Rd7 49. Ne1 Nxe1 50. Rdxe1 Rde7 51. Kf2 Rf7 52. Kg2 Ref6 53. Rf1 a5 54. Kg3 axb4 55. axb4 Ra7 56. Rc2 Kc6 57. Kg2 Kd7 58. Kg3 Ke7 59. Kg2 Rfa6 60. Rh1 Ra2 61. Rhc1 Rxc2+ 62. Rxc2 Kf6 63. f4 Ra3 64. Kf3 Ra1 65. Kf2 Ke6 66. Kg2 Kf6 67. Kf2 Ke6 68. Kg2 {[%emt 0:00:08] Ke5} 1/2-1/2

[Event "Vasteras Open Minor 2018"]
[Site "Vasteras"]
[Date "2018.09.30"]
[Round "7"]
[White "Evensen, Per-Erik"]
[Black "Arnason, Saemundur"]
[Result "0-1"]
[ECO "B92"]
[WhiteElo "1472"]
[BlackElo "1312"]
[Annotator "NA RC"]
[PlyCount "102"]
[EventDate "2018.09.28"]
[EventCountry "SWE"]
[SourceTitle "playchess.com"]
[Source "ChessBase"]
[SourceQuality "1"]
[TimeControl "5400+30"]

1. e4 c5 2. Nf3 d6 3. d4 cxd4 4. Nxd4 Nf6 5. Nc3 a6 6. Be2 g6 7. Be3 Bg7 8. Qd2 h6 9. O-O-O Nbd7 10. h3 Qc7 11. g4 Nc5 12. Bf3 Bd7 13. Kb1 Rb8 14. Nb3 b6 15. Rhe1 Bc6 16. Bf4 Nfd7 17. Nd5 Bxd5 18. Qxd5 Ne5 19. Bxe5 Bxe5 20. Bg2 Ne6 21. Bf1 b5 22. c3 Qb6 23. Re2 Nf4 24. Qd2 Nxe2 25. Bxe2 g5 26. Nd4 Bxd4 27. cxd4 e6 28. f4 f6 29. e5 dxe5 30. fxe5 fxe5 31. dxe5 Rd8 32. Qc2 Rxd1+ 33. Bxd1 Qd8 34. Qg6+ Kd7 35. Bb3 Qe7 36. Qd3+ Ke8 37. Qe4 Qh7 38. Qxh7 Rxh7 39. Bxe6 Rc7 40. Bf5 Rc5 41. e6 a5 42. a3 Re5 43. b4 axb4 44. axb4 Ke7 45. Bd3 Kxe6 46. Bf5+ Rxf5 47. gxf5+ Kxf5 48. Kc2 Ke4 49. Kc3 Ke3 50. Kc2 h5 51. Kc3 g4 0-1

[Event "Vasteras Open Minor 2018"]
[Site "Vasteras"]
[Date "2018.09.30"]
[Round "7"]
[White "Tabor, Matvey"]
[Black "Olsson, Dick"]
[Result "0-1"]
[ECO "C50"]
[WhiteElo "1452"]
[BlackElo "1554"]
[Annotator "NA RC"]
[PlyCount "34"]
[EventDate "2018.09.28"]
[EventCountry "SWE"]
[SourceTitle "playchess.com"]
[Source "ChessBase"]
[SourceQuality "1"]
[TimeControl "5400+30"]

1. e4 e5 2. Nf3 Nc6 3. Bc4 Nd4 4. Nxd4 exd4 5. O-O Nf6 6. e5 d5 7. exf6 dxc4 8. Re1+ Be6 9. fxg7 Bxg7 10. b3 d3 11. Nc3 Qg5 12. bxc4 O-O-O 13. Qf3 Bxc3 14. dxc3 d2 15. Bxd2 Qxd2 16. Rab1 c6 17. Rb4 Qxe1# 0-1

[Event "Vasteras Open Minor 2018"]
[Site "Vasteras"]
[Date "2018.09.30"]
[Round "7"]
[White "Backlund, Elias"]
[Black "Seo, Jung Hyun"]
[Result "1-0"]
[ECO "D35"]
[WhiteElo "1329"]
[BlackElo "1389"]
[Annotator "NA RC"]
[PlyCount "59"]
[EventDate "2018.09.28"]
[EventCountry "SWE"]
[SourceTitle "playchess.com"]
[Source "ChessBase"]
[SourceQuality "1"]
[TimeControl "5400+30"]

1. d4 Nf6 2. c4 e6 3. Nc3 d5 4. Bf4 c6 5. e3 Bd6 6. Bxd6 Qxd6 7. Nf3 Nbd7 8. Bd3 b6 9. cxd5 Nxd5 10. Rc1 Nxc3 11. Rxc3 Bb7 12. O-O e5 13. Bf5 exd4 14. Bxd7+ Qxd7 15. Qxd4 Qxd4 16. Nxd4 c5 17. Nf5 O-O 18. Rd1 Rfd8 19. Rcc1 g6 20. Ng3 Kg7 21. f3 f5 22. Kf2 Kh6 23. h4 Bd5 24. b3 a5 25. Rd2 Bg8 26. Rcd1 Rxd2+ 27. Rxd2 a4 28. Rd6 axb3 29. Nxf5+ Kh5 30. g4# {Kh6} 1-0

[Event "Vasteras Open Minor 2018"]
[Site "Vasteras"]
[Date "2018.09.30"]
[Round "7"]
[White "Jonsson, Kristjan Dagur"]
[Black "Laine, Jacob"]
[Result "0-1"]
[ECO "A25"]
[WhiteElo "1267"]
[BlackElo "1591"]
[Annotator "NA RC"]
[PlyCount "112"]
[EventDate "2018.09.28"]
[EventCountry "SWE"]
[SourceTitle "playchess.com"]
[Source "ChessBase"]
[SourceQuality "1"]
[TimeControl "5400+30"]

1. c4 e5 2. Nc3 Nc6 3. g3 g6 4. Bg2 Bg7 5. e3 f5 6. Nge2 Nf6 7. d4 d6 8. dxe5 Nxe5 9. b3 Nfd7 10. Bb2 Nc5 11. O-O O-O 12. Nf4 Rb8 13. b4 Ne6 14. Bd5 Re8 15. c5 dxc5 16. bxc5 c6 17. Nxe6 Bxe6 18. Bxe6+ Rxe6 19. Qxd8+ Rxd8 20. Rad1 Ree8 21. Ne2 Nf3+ 22. Kg2 Bxb2 23. Kxf3 Ba3 24. Rxd8 Rxd8 25. Nd4 Bxc5 26. Ne6 Rd5 27. Nxc5 Rxc5 28. Rd1 Rb5 29. Rd8+ Kg7 30. Rd7+ Kh6 31. a4 Rb4 32. a5 a6 33. h3 c5 34. g4 c4 35. Rc7 Rb5 36. Kg3 c3 37. Rxc3 Rxa5 38. Rc7 Rb5 39. Kh4 fxg4 40. hxg4 g5+ 41. Kg3 a5 42. Rc3 a4 43. f4 gxf4+ 44. Kxf4 Ra5 45. Ke4 a3 46. Rc1 a2 47. Ra1 Kg5 48. Kd4 Kxg4 49. e4 h5 50. e5 Kf5 51. Rf1+ Ke6 52. Ra1 h4 53. Ke4 Rxe5+ 54. Kf4 Ra5 55. Kg4 Ra4+ 56. Kh3 Kd5 0-1

[Event "Vasteras Open Minor 2018"]
[Site "Vasteras"]
[Date "2018.09.30"]
[Round "8"]
[White "Laine, Jacob"]
[Black "Platkovs, Daniils"]
[Result "1/2-1/2"]
[ECO "D00"]
[WhiteElo "1591"]
[BlackElo "1257"]
[Annotator "NA"]
[PlyCount "51"]
[EventDate "2018.09.28"]
[EventCountry "SWE"]
[SourceTitle "playchess.com"]
[Source "ChessBase"]
[SourceQuality "1"]
[TimeControl "5400+30"]

1. d4 d5 2. Bf4 Nf6 3. e3 e6 4. Nf3 c5 5. Bd3 c4 6. Be2 Nc6 7. O-O Be7 8. b3 b5 9. Nc3 a6 10. a4 b4 11. Nb5 axb5 12. axb5 Rxa1 13. Qxa1 Na5 14. Qa4 O-O 15. Ra1 cxb3 16. cxb3 Nxb3 17. Qxb3 Ne4 18. Ne5 Nc3 19. Bd3 Bb7 20. Nc6 Bxc6 21. bxc6 Bd6 22. c7 Qxc7 23. Bxd6 Qxd6 24. Ra6 Qb8 25. g3 Rc8 26. Kg2 1/2-1/2

[Event "Vasteras Open Minor 2018"]
[Site "Vasteras"]
[Date "2018.09.30"]
[Round "8"]
[White "Flykt, Gabriel"]
[Black "Davidsson, Joshua"]
[Result "0-1"]
[ECO "A17"]
[WhiteElo "1584"]
[BlackElo "1500"]
[Annotator "NA"]
[PlyCount "126"]
[EventDate "2018.09.28"]
[EventCountry "SWE"]
[SourceTitle "playchess.com"]
[Source "ChessBase"]
[SourceQuality "1"]
[TimeControl "5400+30"]

1. c4 e6 2. Nc3 Nf6 3. g3 Be7 4. Bg2 c5 5. e4 d6 6. d3 Nc6 7. Nge2 Bd7 8. O-O O-O 9. h3 Nd4 10. Be3 e5 11. f4 h6 12. Qd2 Nh7 13. Nd5 f5 14. Nec3 Nf6 15. Kh2 Nxd5 16. Nxd5 Bc6 17. fxe5 dxe5 18. Nxe7+ Qxe7 19. Bxd4 exd4 20. exf5 Bxg2 21. Kxg2 Qd6 22. Rae1 Rae8 23. Rf2 Re5 24. Qf4 Qc6+ 25. Re4 Rexf5 26. Qxf5 Rxf5 27. Rxf5 Qa4 28. Rxc5 Qc2+ 29. Kf3 Qxd3+ 30. Kf4 Qf1+ 31. Kg4 Qf6 32. Rf4 Qe6+ 33. Kf3 d3 34. Re4 Qxh3 35. Rd5 Qf1+ 36. Ke3 Qe2+ 37. Kd4 Qf2+ 38. Kxd3 Qxg3+ 39. Re3 Qg6+ 40. Kc3 a6 41. Ree5 Qc6 42. Kd4 Kf7 43. b3 g5 44. Rf5+ Kg6 45. Rf1 b5 46. c5 Qc8 47. Rd6+ Kg7 48. Rff6 Qg4+ 49. Ke5 Qe2+ 50. Kd5 Qg2+ 51. Ke6 Qe4+ 52. Kd7 Qb7+ 53. Kd8 Qb8+ 54. Ke7 Qc7+ 55. Rd7 Qxc5+ 56. Ke6+ Kg8 57. Rg6+ Kh8 58. Rxh6+ Kg8 59. Rg6+ Kh8 60. Kf7 Qf5+ 61. Rf6 Qxd7+ 62. Kg6 Qg7+ 63. Kf5 Qxf6+ 0-1

[Event "Vasteras Open Minor 2018"]
[Site "Vasteras"]
[Date "2018.09.30"]
[Round "8"]
[White "Olsson, Dick"]
[Black "Tolstoy, Anastasia"]
[Result "1-0"]
[ECO "C45"]
[WhiteElo "1554"]
[BlackElo "1228"]
[Annotator "NA"]
[PlyCount "47"]
[EventDate "2018.09.28"]
[EventCountry "SWE"]
[SourceTitle "playchess.com"]
[Source "ChessBase"]
[SourceQuality "1"]
[TimeControl "5400+30"]

1. e4 e5 2. Nf3 Nc6 3. d4 exd4 4. Nxd4 Bc5 5. Be3 Bb6 6. Bc4 Nge7 7. Nc3 d6 8. O-O O-O 9. Re1 Kh8 10. Nd5 f5 11. Nxb6 axb6 12. Ne6 Bxe6 13. Bxe6 Rf6 14. exf5 h6 15. Qd3 Qf8 16. g4 Ne5 17. Qe4 Qd8 18. g5 hxg5 19. Bxg5 Rxe6 20. fxe6 N5c6 21. Qh4+ Kg8 22. Bxe7 Nxe7 23. Re3 Qf8 24. Rh3 1-0

[Event "Vasteras Open Minor 2018"]
[Site "Vasteras"]
[Date "2018.09.30"]
[Round "8"]
[White "Relom, Sunny"]
[Black "Jonsson, Kristjan Dagur"]
[Result "0-1"]
[ECO "A06"]
[WhiteElo "1452"]
[BlackElo "1267"]
[Annotator "NA"]
[PlyCount "82"]
[EventDate "2018.09.28"]
[EventCountry "SWE"]
[SourceTitle "playchess.com"]
[Source "ChessBase"]
[SourceQuality "1"]
[TimeControl "5400+30"]

1. Nf3 d5 2. g3 Nc6 3. Bg2 e5 4. O-O Bd6 5. d3 Nf6 6. e4 dxe4 7. dxe4 Nxe4 8. Nxe5 Nxe5 9. Bxe4 O-O 10. Nd2 Qf6 11. Bg2 Rd8 12. Ne4 Qe7 13. Qe2 Ng6 14. Be3 c6 15. Nxd6 Qxd6 16. Rad1 Qf6 17. h4 h6 18. h5 Nf8 19. Rxd8 Qxd8 20. Rd1 Qf6 21. Bd4 Qe6 22. Qd2 Qg4 23. Re1 Be6 24. Qc3 f6 25. Bf3 Qf5 26. g4 Qf4 27. Re4 Qd6 28. Bc5 Qd7 29. Rd4 Qf7 30. Qd3 Nd7 31. Bd6 Nb6 32. Be4 Bd5 33. Bh7+ Kh8 34. Bg3 Re8 35. f4 Qe7 36. Kh2 c5 37. Rxd5 Nxd5 38. Bf5 Qe2+ 39. Kh3 Qxd3 40. Bxd3 Nb4 41. Bg6 Re2 0-1

[Event "Vasteras Open Minor 2018"]
[Site "Vasteras"]
[Date "2018.09.30"]
[Round "8"]
[White "Backlund, Elias"]
[Black "Lofgren, John"]
[Result "0-1"]
[ECO "A51"]
[WhiteElo "1329"]
[BlackElo "1511"]
[Annotator "NA"]
[PlyCount "41"]
[EventDate "2018.09.28"]
[EventCountry "SWE"]
[SourceTitle "playchess.com"]
[Source "ChessBase"]
[SourceQuality "1"]
[TimeControl "5400+30"]

1. d4 Nf6 2. c4 e5 3. dxe5 Ne4 4. a3 b6 5. Nf3 d6 6. e3 Be6 7. Be2 Nc6 8. exd6 Bxd6 9. O-O O-O 10. Nd4 Nxd4 11. exd4 Re8 12. Bf3 Bxc4 13. Bxe4 Rxe4 14. Re1 Rxd4 15. Qc2 Qh4 16. h3 Rg4 17. Re3 Rd8 18. Nc3 Rd4 19. Re4 Rxe4 20. Nxe4 Bd3 21. Qd1 0-1

[Event "Vasteras Open Minor 2018"]
[Site "Vasteras"]
[Date "2018.09.30"]
[Round "8"]
[White "Arnason, Saemundur"]
[Black "Ohlund, Anders"]
[Result "1-0"]
[ECO "D15"]
[WhiteElo "1312"]
[BlackElo "1483"]
[Annotator "NA"]
[PlyCount "51"]
[EventDate "2018.09.28"]
[EventCountry "SWE"]
[SourceTitle "playchess.com"]
[Source "ChessBase"]
[SourceQuality "1"]
[TimeControl "5400+30"]

1. d4 d5 2. c4 c6 3. Nc3 Nf6 4. Nf3 dxc4 5. e3 b5 6. a3 Bf5 7. g3 Ne4 8. Nd2 Nxc3 9. bxc3 e6 10. Bg2 Be7 11. Bb2 O-O 12. h4 h6 13. Qf3 a6 14. g4 Bh7 15. Qg3 Qd6 16. f4 Rc8 17. g5 hxg5 18. hxg5 Nd7 19. Qh4 Nf8 20. Be4 g6 21. Bc2 Qd8 22. Ne4 Ra7 23. Nf6+ Bxf6 24. gxf6 c5 25. e4 g5 26. Qh6 1-0